Toronto Maple Leafs vs Calgary Flames
(R1)
Created - Tuesday, October 3, 2023 at 06:52
Goals
|
| Toronto Maple Leafs |
2 |
0 |
2 |
4 |
| Calgary Flames |
1 |
1 |
0 |
2 |
|
Shots
|
| Toronto Maple Leafs |
15 |
8 |
9 |
32 |
| Calgary Flames |
16 |
9 |
9 |
34 |
|
1st period
1. Toronto Maple Leafs , Scott Laughton 8 (Trevor Zegras 14, Aaron Ekblad 21) at 1:08 (PP)
2. Calgary Flames , J.T. Miller 5 (Valeri Nichushkin 14, Rasmus Andersson 5) at 6:25
3. Toronto Maple Leafs , Dougie Hamilton 7 (Brandon Saad 8, Cam Talbot) at 17:24 (PP)
Penalties :
Jeff Petry (CGY) for Holding (Minor) at 0:35, Aaron Ekblad (TOR) for Roughing (Minor) at 3:14, Matthew Tkachuk (CGY) for Hooking (Minor) at 10:10, Rasmus Andersson (CGY) for Hooking (Minor) at 16:22
2nd period
4. Calgary Flames , J.T. Miller 6 (Matthew Tkachuk 15, Kris Letang 9) at 9:45 (PP)
Penalties :
Aaron Ekblad (TOR) for Interference (Minor) at 0:25, Ryan McDonagh (CGY) for Hooking (Minor) at 3:27, Aaron Ekblad (TOR) for Hooking (Minor) at 7:52, Michael Anderson (CGY) for Slashing (Minor) at 19:10
3rd period
5. Toronto Maple Leafs , Sam Bennett 11 (Brady Tkachuk 19, Aaron Ekblad 22) at 10:21 (PP)
6. Toronto Maple Leafs , Scott Laughton 9 (Nicolas Roy 6, Nick Bjugstad 4) at 19:59 (Empty Net)
Penalties :
Timo Meier (CGY) for Holding (Minor) at 5:33, Ryan McDonagh (CGY) for High sticking (Minor) at 10:05, Brandon Saad (TOR) for Holding (Minor) at 10:44, Nic Dowd (CGY) for Roughing (Double Minor) at 13:03
Goalie Stats
Cam Talbot (TOR), 32 saves from 34 shots - (0.941), W, 4-4-0, 60:00 minutes
Ilya Sorokin (CGY), 28 saves from 31 shots - (0.903), L, 8-10-0, 58:58 minutes
Players Stats for Toronto Maple Leafs
Player Name G A P +/- PIM S H SB GA TA FO MP PP MP PK MP
------------------------------------------------------------------------------------
Aaron Ekblad 0 2 2 1 6 3 1 3 0 3 0/0 24:48 9:06 1:02
Andrew Mangiapane 0 0 0 -1 0 0 0 0 0 1 0/0 9:50 1:05 0:00
Brady Tkachuk 0 1 1 0 0 2 4 0 3 0 0/3 20:22 7:40 0:58
Brandon Saad 0 1 1 0 2 0 2 0 0 0 1/1 16:50 5:11 0:00
Cody Ceci 0 0 0 1 0 1 0 4 0 3 0/0 25:40 4:40 4:54
Dougie Hamilton 1 0 1 0 0 4 1 1 0 1 0/0 22:11 9:06 2:29
Kyle Okposo 0 0 0 -1 0 2 1 0 0 0 0/0 11:24 0:00 2:33
Luke Schenn 0 0 0 -1 0 0 3 0 0 0 0/0 16:42 0:00 4:19
Mario Ferraro 0 0 0 -1 0 0 0 0 0 1 0/0 15:03 0:00 2:56
Nick Bjugstad 0 1 1 1 0 1 1 1 0 0 5/10 12:14 0:52 4:19
Nicolas Roy 0 1 1 0 0 3 1 0 0 1 6/9 15:20 1:02 4:19
Nino Niederreiter 0 0 0 0 0 1 2 0 0 0 0/0 6:39 0:00 0:58
Ryan Pulock 0 0 0 0 0 2 0 2 0 1 0/0 15:43 4:40 0:00
Sam Bennett 1 0 1 0 0 6 4 0 0 0 16/31 19:16 7:40 0:00
Scott Laughton 2 0 2 1 0 2 0 1 0 0 5/8 19:59 5:04 2:33
Trevor Zegras 0 1 1 0 0 2 1 0 0 0 0/0 15:50 5:04 0:00
Troy Terry 0 0 0 0 0 3 1 0 3 0 1/3 18:42 7:40 0:00
Warren Foegele 0 0 0 0 0 0 0 0 1 0 0/0 5:33 0:00 0:00
Players Stats for Calgary Flames
Player Name G A P +/- PIM S H SB GA TA FO MP PP MP PK MP
------------------------------------------------------------------------------------
Drew Doughty 0 0 0 -1 0 1 0 1 0 2 0/0 25:42 4:13 6:50
J.T. Miller 2 0 2 0 0 4 3 0 0 0 8/16 16:50 4:13 0:32
Jacob Peterson 0 0 0 0 0 0 0 0 0 1 0/0 5:17 0:00 0:00
Jeff Petry 0 0 0 0 2 1 0 3 1 0 0/0 23:06 3:37 6:56
Joel Eriksson Ek 0 0 0 0 0 0 1 0 1 1 2/5 17:39 0:00 6:40
Kris Letang 0 1 1 -1 0 3 0 4 0 1 0/0 25:42 4:13 6:50
Logan Couture 0 0 0 0 0 1 0 2 1 0 7/14 9:32 0:00 0:00
Mathieu Joseph 0 0 0 0 0 1 3 0 0 0 0/0 12:12 0:00 6:29
Matthew Tkachuk 0 1 1 0 2 3 2 0 3 0 1/3 17:02 4:13 0:37
Michael Anderson 0 0 0 1 2 1 1 0 0 1 0/0 12:12 0:00 1:30
Nic Dowd 0 0 0 0 4 1 0 0 0 0 6/12 10:43 0:00 4:47
Rafael Harvey-Pinard 0 0 0 0 0 0 4 1 1 0 0/0 16:24 0:00 6:40
Rasmus Andersson 0 1 1 1 2 1 0 0 0 0 0/0 11:10 0:00 0:00
Ryan McDonagh 0 0 0 0 4 1 1 1 1 1 0/0 22:15 3:37 5:26
Sebastian Aho 0 0 0 -1 0 4 0 1 1 0 7/13 17:31 3:37 1:47
Timo Meier 0 0 0 0 2 4 0 1 2 0 0/1 13:15 3:37 0:00
Valeri Nichushkin 0 1 1 1 0 2 1 1 0 0 0/1 15:05 4:13 0:00
Zach Hyman 0 0 0 0 0 6 2 0 0 0 0/0 14:29 3:37 0:00
3 Stars
1 - Scott Laughton (TOR)
2 - J.T. Miller (CGY)
3 - Sam Bennett (TOR)
Power Play
Toronto Maple Leafs - 3 on 9 Attempt(s) - 33.33%
Calgary Flames - 1 on 4 Attempt(s) - 25.00%
Penalty Kill
Toronto Maple Leafs - 3 on 4 Attempt(s) - 75.00%
- Score 0 goal in Penalty Kill
Calgary Flames - 6 on 9 Attempt(s) - 66.67%
- Score 0 goal in Penalty Kill
Team Stat
Toronto Maple Leafs - Hits : 22 - Faceoff Wins : 34 - Blocked Shots : 12 - Penalty Minutes : 8
Calgary Flames - Hits : 18 - Faceoff Wins : 31 - Blocked Shots : 15 - Penalty Minutes : 18
Official
Referees : Jon Mclsaac and Mike Hasenfratz
Linesman : Brad Lazarowich and Brandon Gawryletz
Game Notes
Scott Laughton has scored in a empty net!
Finance
Level 1 -- Attendance: 4512 (75.20%) -- Ticket Income $451,200
Level 2 -- Attendance: 3500 (70.00%) -- Ticket Income $210,000
Level 3 -- Attendance: 2307 (76.90%) -- Ticket Income $80,745
Level 4 -- Attendance: 3875 (77.50%) -- Ticket Income $96,875
Luxury Box -- Attendance: 751 (75.10%) -- Ticket Income $150,200
Game was played at the Scotiabank Saddledome.
Total Attendance: 14945 (74.73%)
Total Ticket Income: $989,020
Other Income: $346,157
Total Income: $1,335,177
Toronto Maple Leafs
5 vs 5 Forward
Center Left Wing Right Wing Time % Phy DF OF
1 Sam Bennett Brady Tkachuk Brandon Saad 40 1 2 2
2 Scott Laughton Trevor Zegras Troy Terry 30 1 2 2
3 Nicolas Roy Andrew Mangiapane Kyle Okposo 20 1 2 2
4 Nick Bjugstad Warren Foegele Nino Niederreiter 10 1 2 2
5 vs 5 Defense
Defense Defense Time % Phy DF OF
1 Aaron Ekblad Cody Ceci 40 1 2 2
2 Dougie Hamilton Ryan Pulock 30 1 2 2
3 Mario Ferraro Luke Schenn 20 1 2 2
4 Dougie Hamilton Ryan Pulock 10 1 2 2
PowerPlay Forward
Center Left Wing Right Wing Time % Phy DF OF
1 Sam Bennett Brady Tkachuk Troy Terry 60 1 2 2
2 Scott Laughton Trevor Zegras Brandon Saad 40 1 2 2
PowerPlay Defense
Defense Defense Time % Phy DF OF
1 Aaron Ekblad Dougie Hamilton 60 1 2 2
2 Cody Ceci Ryan Pulock 40 1 2 2
Penalty Kill 4 Players Forward
Center Wing Time % Phy DF OF
1 Nick Bjugstad Nicolas Roy 60 1 2 2
2 Scott Laughton Kyle Okposo 40 1 2 2
Penalty Kill 4 Players Defense
Defense Defense Time % Phy DF OF
1 Aaron Ekblad Cody Ceci 60 1 2 2
2 Mario Ferraro Luke Schenn 40 1 2 2
Penalty Kill - 3 Players Forward
Forward Time % Phy DF OF
1 Nick Bjugstad 60 1 2 2
2 Scott Laughton 40 1 2 2
Penalty Kill - 3 Players Defense
Defense Defense Time % Phy DF OF
1 Aaron Ekblad Cody Ceci 60 1 2 2
2 Mario Ferraro Luke Schenn 40 1 2 2
4 vs 4 Forward
Center Wing Time % Phy DF OF
1 Scott Laughton Troy Terry 60 1 2 2
2 Nicolas Roy Trevor Zegras 40 1 2 2
4 vs 4 Defense
Defense Defense Time % Phy DF OF
1 Dougie Hamilton Ryan Pulock 60 1 2 2
2 Aaron Ekblad Cody Ceci 40 1 2 2
Last Minutes Offensive
Center Left Wing Right Wing Defense Defense
Sam Bennett Brady Tkachuk Troy Terry Aaron Ekblad Dougie Hamilton
Last Minutes Defensive
Center Left Wing Right Wing Defense Defense
Nick Bjugstad Scott Laughton Nicolas Roy Aaron Ekblad Cody Ceci
Goaltenders
Starting : Cam Talbot
Backup : Frederik Andersen
Extra Forwards
Normal : Andrew Mangiapane, Nicolas Roy, Nino Niederreiter - PP : Andrew Mangiapane, Nicolas Roy - PK : Nino Niederreiter
Extra Defensemen
Normal : Mario Ferraro, Luke Schenn, Dougie Hamilton - PP : Mario Ferraro - PK : Luke Schenn, Dougie Hamilton
Penalty Shots
Trevor Zegras, Dougie Hamilton, Kyle Okposo, Nick Bjugstad, Nicolas Roy
Calgary Flames
5 vs 5 Forward
Center Left Wing Right Wing Time % Phy DF OF
1 J.T. Miller Matthew Tkachuk Valeri Nichushkin 31 1 1 2
2 Sebastian Aho Zach Hyman Joel Eriksson Ek 30 1 2 2
3 Logan Couture Rafael Harvey-Pinard Timo Meier 29 1 2 2
4 Nic Dowd Jacob Peterson Mathieu Joseph 10 1 2 2
5 vs 5 Defense
Defense Defense Time % Phy DF OF
1 Kris Letang Drew Doughty 35 1 2 2
2 Jeff Petry Ryan McDonagh 35 1 2 2
3 Rasmus Andersson Michael Anderson 30 1 2 2
4 Kris Letang Drew Doughty 0 1 2 2
PowerPlay Forward
Center Left Wing Right Wing Time % Phy DF OF
1 J.T. Miller Matthew Tkachuk Valeri Nichushkin 50 0 0 5
2 Sebastian Aho Zach Hyman Timo Meier 50 0 0 5
PowerPlay Defense
Defense Defense Time % Phy DF OF
1 Kris Letang Drew Doughty 50 0 2 3
2 Jeff Petry Ryan McDonagh 50 0 2 3
Penalty Kill 4 Players Forward
Center Wing Time % Phy DF OF
1 Joel Eriksson Ek Rafael Harvey-Pinard 50 0 5 0
2 Nic Dowd Mathieu Joseph 50 0 5 0
Penalty Kill 4 Players Defense
Defense Defense Time % Phy DF OF
1 Kris Letang Drew Doughty 50 0 5 0
2 Jeff Petry Ryan McDonagh 50 0 5 0
Penalty Kill - 3 Players Forward
Forward Time % Phy DF OF
1 J.T. Miller 50 0 5 0
2 Sebastian Aho 50 0 5 0
Penalty Kill - 3 Players Defense
Defense Defense Time % Phy DF OF
1 Kris Letang Drew Doughty 50 0 5 0
2 Jeff Petry Ryan McDonagh 50 0 5 0
4 vs 4 Forward
Center Wing Time % Phy DF OF
1 J.T. Miller Matthew Tkachuk 50 1 2 2
2 Sebastian Aho Logan Couture 50 1 2 2
4 vs 4 Defense
Defense Defense Time % Phy DF OF
1 Kris Letang Drew Doughty 50 1 2 2
2 Jeff Petry Ryan McDonagh 50 1 2 2
Last Minutes Offensive
Center Left Wing Right Wing Defense Defense
J.T. Miller Matthew Tkachuk Sebastian Aho Kris Letang Drew Doughty
Last Minutes Defensive
Center Left Wing Right Wing Defense Defense
J.T. Miller Sebastian Aho Valeri Nichushkin Kris Letang Drew Doughty
Goaltenders
Starting : Ilya Sorokin
Backup : Samuel Montembeault
Extra Forwards
Normal : Nic Dowd, Joel Eriksson Ek, Mathieu Joseph - PP : Nic Dowd, Joel Eriksson Ek - PK : Mathieu Joseph
Extra Defensemen
Normal : Rasmus Andersson, Michael Anderson, Jeff Petry - PP : Rasmus Andersson - PK : Michael Anderson, Jeff Petry
Penalty Shots
J.T. Miller, Matthew Tkachuk, Sebastian Aho, Logan Couture, Joel Eriksson Ek
% Time on Ice - Toronto Maple Leafs
Lines # - Real PCT - Wanted PCT - Time Play
Normal Forward
1 - 32% - 40% - 12:00
2 - 30% - 30% - 11:08
3 - 23% - 20% - 8:29
4 - 15% - 10% - 5:33
Normal Defense
1 - 38% - 40% - 14:00
2 - 29% - 30% - 10:50
3 - 32% - 20% - 11:47
4 - 1% - 10% - 0:33
PP Forward
1 - 62% - 60% - 8:32
2 - 38% - 40% - 5:14
PP Defense
1 - 66% - 60% - 9:06
2 - 34% - 40% - 4:40
PK Forward
1 - 67% - 60% - 5:17
2 - 33% - 40% - 2:33
PK Defense
1 - 73% - 60% - 5:43
2 - 27% - 40% - 2:07
PK3 Forward
1 - 0% - 60%
2 - 0% - 40%
PK3 Defense
1 - 0% - 60%
2 - 0% - 40%
44 Forward
1 - 0% - 60%
2 - 0% - 40%
44 Defense
1 - 0% - 60%
2 - 0% - 40%
Last Minute Offensive - 0:00
Last Minute Defensive - 1:14
Total
Forward - 60:00
Defense - 60:00
|
% Time on Ice - Calgary Flames
Lines # - Real PCT - Wanted PCT - Time Play
Normal Forward
1 - 30% - 31% - 11:04
2 - 30% - 30% - 11:18
3 - 26% - 29% - 9:32
4 - 14% - 10% - 5:17
Normal Defense
1 - 36% - 35% - 13:26
2 - 34% - 35% - 12:34
3 - 30% - 30% - 11:11
4 - 0% - 0% - 0:00
PP Forward
1 - 54% - 50% - 4:13
2 - 46% - 50% - 3:37
PP Defense
1 - 54% - 50% - 4:13
2 - 46% - 50% - 3:37
PK Forward
1 - 48% - 50% - 6:40
2 - 52% - 50% - 7:06
PK Defense
1 - 50% - 50% - 6:50
2 - 50% - 50% - 6:56
PK3 Forward
1 - 0% - 50%
2 - 0% - 50%
PK3 Defense
1 - 0% - 50%
2 - 0% - 50%
44 Forward
1 - 0% - 50%
2 - 0% - 50%
44 Defense
1 - 0% - 50%
2 - 0% - 50%
Last Minute Offensive - 1:13
Last Minute Defensive - 0:00
Total
Forward - 60:00
Defense - 60:00
|
Play-by-Play
1st period
0:01 of 1st period - Brandon Saad wins face-off versus J.T. Miller in neutral zone.
0:32 of 1st period - Snap shot by Trevor Zegras.
0:32 of 1st period - Stopped by Ilya Sorokin without a rebound.
0:33 of 1st period - Logan Couture wins face-off versus Nicolas Roy in Calgary Flames zone.
0:35 of 1st period - Minor Penalty to Jeff Petry for Holding.
0:36 of 1st period - Sam Bennett wins face-off versus Joel Eriksson Ek in Calgary Flames zone.
1:06 of 1st period - Wrist shot by Trevor Zegras.
1:06 of 1st period - Shot Blocked by Kris Letang.
1:08 of 1st period - Slapshot by Scott Laughton.
1:08 of 1st period - Goal by Scott Laughton - Toronto Maple Leafs : 1 - Calgary Flames : 0.
1:09 of 1st period - Logan Couture wins face-off versus Nicolas Roy in neutral zone.
1:17 of 1st period - Off-side.
1:18 of 1st period - Nicolas Roy wins face-off versus Logan Couture in neutral zone.
1:37 of 1st period - Wrist shot by Nicolas Roy.
1:37 of 1st period - Shot Blocked by Jeff Petry.
1:39 of 1st period - Slapshot by Nicolas Roy.
1:39 of 1st period - Shot Blocked by Logan Couture.
1:41 of 1st period - Slapshot by Ryan Pulock.
1:41 of 1st period - Stopped by Ilya Sorokin with a rebound.
1:43 of 1st period - Slapshot by Ryan Pulock.
1:43 of 1st period - Stopped by Ilya Sorokin with a rebound.
1:57 of 1st period - Snap shot by Nicolas Roy.
1:57 of 1st period - Shot Misses the Net.
1:59 of 1st period - Backhand shot by Nicolas Roy.
1:59 of 1st period - Stopped by Ilya Sorokin without a rebound.
2:00 of 1st period - Sebastian Aho wins face-off versus Sam Bennett in Calgary Flames zone.
2:48 of 1st period - Snap shot by Trevor Zegras.
2:48 of 1st period - Shot Misses the Net.
2:56 of 1st period - Wrist shot by Nino Niederreiter.
2:56 of 1st period - Shot Misses the Net.
3:12 of 1st period - Snap shot by Rafael Harvey-Pinard.
3:12 of 1st period - Shot Misses the Net.
3:14 of 1st period - Minor Penalty to Aaron Ekblad for Roughing.
3:15 of 1st period - Nick Bjugstad wins face-off versus J.T. Miller in Toronto Maple Leafs zone.
3:15 of 1st period - Nick Bjugstad is hit by J.T. Miller.
3:23 of 1st period - Snap shot by Nick Bjugstad.
3:23 of 1st period - Stopped by Ilya Sorokin without a rebound.
3:24 of 1st period - Nick Bjugstad wins face-off versus Matthew Tkachuk in Calgary Flames zone.
3:41 of 1st period - Wrist shot by Matthew Tkachuk.
3:41 of 1st period - Shot Blocked by Cody Ceci.
3:47 of 1st period - Snap shot by Matthew Tkachuk.
3:47 of 1st period - Shot Misses the Net.
3:49 of 1st period - Slapshot by Drew Doughty.
3:49 of 1st period - Shot Blocked by Cody Ceci.
3:51 of 1st period - Slapshot by Matthew Tkachuk.
3:51 of 1st period - Stopped by Cam Talbot with a rebound.
3:53 of 1st period - Slapshot by Kris Letang.
3:53 of 1st period - Stopped by Cam Talbot with a rebound.
3:55 of 1st period - Slapshot by Drew Doughty.
3:55 of 1st period - Shot Blocked by Nick Bjugstad.
3:57 of 1st period - Slapshot by Drew Doughty.
3:57 of 1st period - Deflect By Nicolas Roy.
3:57 of 1st period - Stopped by Cam Talbot with a rebound.
3:59 of 1st period - Slapshot by Kris Letang.
3:59 of 1st period - Stopped by Cam Talbot without a rebound.
4:00 of 1st period - Sebastian Aho wins face-off versus Scott Laughton in Toronto Maple Leafs zone.
4:27 of 1st period - Luke Schenn is hit by J.T. Miller and loses puck.
4:51 of 1st period - Icing by Valeri Nichushkin.
4:52 of 1st period - J.T. Miller wins face-off versus Nick Bjugstad in Calgary Flames zone.
5:05 of 1st period - Snap shot by Timo Meier.
5:05 of 1st period - Shot Blocked by Cody Ceci.
5:07 of 1st period - Snap shot by Zach Hyman.
5:07 of 1st period - Shot Misses the Net.
5:09 of 1st period - Slapshot by Kris Letang.
5:09 of 1st period - Shot Misses the Net.
5:14 of 1st period - Penalty to Aaron Ekblad is over, Aaron Ekblad is back on ice.
5:35 of 1st period - Mathieu Joseph is hit by Dougie Hamilton.
6:23 of 1st period - Wrist shot by Valeri Nichushkin.
6:23 of 1st period - Stopped by Cam Talbot with a rebound.
6:25 of 1st period - Snap shot by J.T. Miller.
6:25 of 1st period - Goal by J.T. Miller - Toronto Maple Leafs : 1 - Calgary Flames : 1.
6:26 of 1st period - Sam Bennett wins face-off versus J.T. Miller in neutral zone.
6:59 of 1st period - Slapshot by Sebastian Aho.
6:59 of 1st period - Deflect By Zach Hyman.
6:59 of 1st period - Stopped by Cam Talbot with a rebound.
7:01 of 1st period - Snap shot by Joel Eriksson Ek.
7:01 of 1st period - Shot Misses the Net.
7:36 of 1st period - Nick Bjugstad is hit by Mathieu Joseph and loses puck.
8:43 of 1st period - Rasmus Andersson is hit by Luke Schenn and loses puck.
8:52 of 1st period - Slapshot by Nicolas Roy.
8:52 of 1st period - Stopped by Ilya Sorokin without a rebound.
8:53 of 1st period - Matthew Tkachuk wins face-off versus Sam Bennett in Calgary Flames zone.
8:53 of 1st period - Matthew Tkachuk is hit by Brady Tkachuk.
9:03 of 1st period - Sam Bennett is hit by Matthew Tkachuk and loses puck.
9:08 of 1st period - Snap shot by Matthew Tkachuk.
9:08 of 1st period - Deflect By Valeri Nichushkin.
9:08 of 1st period - Stopped by Cam Talbot without a rebound.
9:09 of 1st period - Sebastian Aho wins face-off versus Troy Terry in Toronto Maple Leafs zone.
9:16 of 1st period - Snap shot by Zach Hyman.
9:16 of 1st period - Stopped by Cam Talbot without a rebound.
9:17 of 1st period - Scott Laughton wins face-off versus Sebastian Aho in Toronto Maple Leafs zone.
9:17 of 1st period - Scott Laughton is hit by Zach Hyman.
9:51 of 1st period - Wrist shot by Troy Terry.
9:51 of 1st period - Stopped by Ilya Sorokin without a rebound.
9:52 of 1st period - Sam Bennett wins face-off versus J.T. Miller in Calgary Flames zone.
10:03 of 1st period - Snap shot by Sam Bennett.
10:03 of 1st period - Stopped by Ilya Sorokin with a rebound.
10:10 of 1st period - Minor Penalty to Matthew Tkachuk for Hooking.
10:11 of 1st period - Nic Dowd wins face-off versus Sam Bennett in Calgary Flames zone.
10:45 of 1st period - Off-side.
10:46 of 1st period - Nic Dowd wins face-off versus Sam Bennett in neutral zone.
10:49 of 1st period - Snap shot by Kris Letang.
10:49 of 1st period - Stopped by Cam Talbot without a rebound.
10:50 of 1st period - Sam Bennett wins face-off versus Nic Dowd in Toronto Maple Leafs zone.
11:37 of 1st period - Slapshot by Rafael Harvey-Pinard.
11:37 of 1st period - Shot Blocked by Scott Laughton.
11:57 of 1st period - Backhand shot by Brady Tkachuk.
11:57 of 1st period - Shot Misses the Net.
12:10 of 1st period - Penalty to Matthew Tkachuk is over, Matthew Tkachuk is back on ice.
12:49 of 1st period - Snap shot by Zach Hyman.
12:49 of 1st period - Stopped by Cam Talbot without a rebound.
12:50 of 1st period - Nick Bjugstad wins face-off versus Logan Couture in Toronto Maple Leafs zone.
13:01 of 1st period - Backhand shot by Timo Meier.
13:01 of 1st period - Stopped by Cam Talbot with a rebound.
13:15 of 1st period - Mario Ferraro is hit by Matthew Tkachuk and loses puck.
13:26 of 1st period - Snap shot by Matthew Tkachuk.
13:26 of 1st period - Stopped by Cam Talbot with a rebound.
13:42 of 1st period - Slapshot by Zach Hyman.
13:42 of 1st period - Stopped by Cam Talbot with a rebound.
14:45 of 1st period - Wrist shot by J.T. Miller.
14:45 of 1st period - Stopped by Cam Talbot with a rebound.
14:47 of 1st period - Snap shot by Drew Doughty.
14:47 of 1st period - Shot Misses the Net.
14:49 of 1st period - Slapshot by Drew Doughty.
14:49 of 1st period - Shot Blocked by Aaron Ekblad.
15:55 of 1st period - Slapshot by Logan Couture.
15:55 of 1st period - Stopped by Cam Talbot without a rebound.
15:56 of 1st period - Scott Laughton wins face-off versus Valeri Nichushkin in Toronto Maple Leafs zone.
16:07 of 1st period - Slapshot by Trevor Zegras.
16:07 of 1st period - Shot Misses the Net.
16:22 of 1st period - Minor Penalty to Rasmus Andersson for Hooking.
16:23 of 1st period - Nic Dowd wins face-off versus Sam Bennett in Calgary Flames zone.
16:23 of 1st period - Nic Dowd is hit by Brady Tkachuk.
16:33 of 1st period - Off-side.
16:34 of 1st period - Joel Eriksson Ek wins face-off versus Sam Bennett in neutral zone.
16:44 of 1st period - Wrist shot by Sam Bennett.
16:44 of 1st period - Stopped by Ilya Sorokin without a rebound.
16:45 of 1st period - Sam Bennett wins face-off versus Nic Dowd in Calgary Flames zone.
16:50 of 1st period - Wrist shot by Troy Terry.
16:50 of 1st period - Stopped by Ilya Sorokin without a rebound.
16:51 of 1st period - Nic Dowd wins face-off versus Sam Bennett in Calgary Flames zone.
17:24 of 1st period - Slapshot by Dougie Hamilton.
17:24 of 1st period - Goal by Dougie Hamilton - Toronto Maple Leafs : 2 - Calgary Flames : 1.
17:25 of 1st period - Sam Bennett wins face-off versus Logan Couture in neutral zone.
17:32 of 1st period - Wrist shot by Brady Tkachuk.
17:32 of 1st period - Stopped by Ilya Sorokin with a rebound.
17:52 of 1st period - Scott Laughton is hit by Ryan McDonagh.
17:58 of 1st period - Wrist shot by Troy Terry.
17:58 of 1st period - Shot Misses the Net.
18:25 of 1st period - Icing by Valeri Nichushkin.
18:26 of 1st period - J.T. Miller wins face-off versus Nick Bjugstad in Calgary Flames zone.
19:05 of 1st period - Slapshot by Sebastian Aho.
19:05 of 1st period - Shot Misses the Net.
19:44 of 1st period - Slapshot by Nicolas Roy.
19:44 of 1st period - Shot Misses the Net.
19:46 of 1st period - Wrist shot by Kyle Okposo.
19:46 of 1st period - Stopped by Ilya Sorokin with a rebound.
19:48 of 1st period - Wrist shot by Dougie Hamilton.
19:48 of 1st period - Deflect By Nicolas Roy.
19:48 of 1st period - Shot Misses the Net.
19:48 of 1st period - Puck is out of play.
19:49 of 1st period - Sam Bennett wins face-off versus J.T. Miller in Calgary Flames zone.
19:52 of 1st period - Wrist shot by Brady Tkachuk.
19:52 of 1st period - Shot Misses the Net.
19:54 of 1st period - Snap shot by Dougie Hamilton.
19:54 of 1st period - Stopped by Ilya Sorokin without a rebound.
19:55 of 1st period - J.T. Miller wins face-off versus Brady Tkachuk in Calgary Flames zone.
19:55 of 1st period - J.T. Miller is hit by Sam Bennett.
Goals for this period are 2 for Toronto Maple Leafs vs 1 for Calgary Flames.
Shots for this period are 15 for Toronto Maple Leafs vs 16 for Calgary Flames.
2nd period
0:01 of 2nd period - Sam Bennett wins face-off versus Sebastian Aho in neutral zone.
0:25 of 2nd period - Minor Penalty to Aaron Ekblad for Interference.
0:26 of 2nd period - Sebastian Aho wins face-off versus Nick Bjugstad in Toronto Maple Leafs zone.
2:23 of 2nd period - Zach Hyman is hit by Nino Niederreiter and loses puck.
2:25 of 2nd period - Penalty to Aaron Ekblad is over, Aaron Ekblad is back on ice.
2:38 of 2nd period - Snap shot by Trevor Zegras.
2:38 of 2nd period - Stopped by Ilya Sorokin with a rebound.
2:40 of 2nd period - Slapshot by Troy Terry.
2:40 of 2nd period - Deflect By Scott Laughton.
2:40 of 2nd period - Shot Misses the Net.
2:40 of 2nd period - Puck is out of play.
2:41 of 2nd period - Nic Dowd wins face-off versus Scott Laughton in Calgary Flames zone.
2:48 of 2nd period - Snap shot by Nic Dowd.
2:48 of 2nd period - Shot Blocked by Ryan Pulock.
2:50 of 2nd period - Slapshot by Nic Dowd.
2:50 of 2nd period - Stopped by Cam Talbot with a rebound.
2:52 of 2nd period - Slapshot by Rasmus Andersson.
2:52 of 2nd period - Stopped by Cam Talbot with a rebound.
2:54 of 2nd period - Slapshot by Jacob Peterson.
2:54 of 2nd period - Deflect By Mathieu Joseph.
2:54 of 2nd period - Shot Blocked by Dougie Hamilton.
2:54 of 2nd period - Puck is out of play.
2:55 of 2nd period - Sam Bennett wins face-off versus J.T. Miller in Toronto Maple Leafs zone.
3:18 of 2nd period - Icing by Brandon Saad.
3:19 of 2nd period - Logan Couture wins face-off versus Sam Bennett in Toronto Maple Leafs zone.
3:20 of 2nd period - Snap shot by Timo Meier.
3:20 of 2nd period - Stopped by Cam Talbot with a rebound.
3:27 of 2nd period - Minor Penalty to Ryan McDonagh for Hooking.
3:28 of 2nd period - Nic Dowd wins face-off versus Sam Bennett in Calgary Flames zone.
3:44 of 2nd period - Joel Eriksson Ek is hit by Brady Tkachuk and loses puck.
3:55 of 2nd period - Mathieu Joseph is hit by Sam Bennett.
4:08 of 2nd period - Troy Terry is hit by Mathieu Joseph and loses puck.
4:27 of 2nd period - Wrist shot by Trevor Zegras.
4:27 of 2nd period - Shot Misses the Net.
4:29 of 2nd period - Wrist shot by Trevor Zegras.
4:29 of 2nd period - Shot Blocked by Rafael Harvey-Pinard.
4:58 of 2nd period - Rafael Harvey-Pinard is hit by Trevor Zegras and loses puck.
5:27 of 2nd period - Penalty to Ryan McDonagh is over, Ryan McDonagh is back on ice.
5:40 of 2nd period - Ryan McDonagh is hit by Nino Niederreiter and loses puck.
6:28 of 2nd period - Logan Couture is hit by Luke Schenn.
6:38 of 2nd period - Nic Dowd is hit by Aaron Ekblad and loses puck.
7:18 of 2nd period - Scott Laughton is hit by Rafael Harvey-Pinard and loses puck.
7:50 of 2nd period - Wrist shot by Valeri Nichushkin.
7:50 of 2nd period - Shot Blocked by Aaron Ekblad.
7:52 of 2nd period - Minor Penalty to Aaron Ekblad for Hooking.
7:53 of 2nd period - Sebastian Aho wins face-off versus Nick Bjugstad in Toronto Maple Leafs zone.
7:54 of 2nd period - Snap shot by Timo Meier.
7:54 of 2nd period - Shot Blocked by Cody Ceci.
7:56 of 2nd period - Wrist shot by Ryan McDonagh.
7:56 of 2nd period - Stopped by Cam Talbot with a rebound.
8:02 of 2nd period - Snap shot by Sebastian Aho.
8:02 of 2nd period - Stopped by Cam Talbot with a rebound.
8:04 of 2nd period - Snap shot by Zach Hyman.
8:04 of 2nd period - Stopped by Cam Talbot with a rebound.
8:45 of 2nd period - Icing by Kris Letang.
8:46 of 2nd period - Scott Laughton wins face-off versus Sebastian Aho in Calgary Flames zone.
9:09 of 2nd period - Icing by Valeri Nichushkin.
9:10 of 2nd period - Nick Bjugstad wins face-off versus Matthew Tkachuk in Calgary Flames zone.
9:45 of 2nd period - Wrist shot by J.T. Miller.
9:45 of 2nd period - Goal by J.T. Miller - Toronto Maple Leafs : 2 - Calgary Flames : 2.
9:46 of 2nd period - Logan Couture wins face-off versus Brady Tkachuk in neutral zone.
9:55 of 2nd period - Rafael Harvey-Pinard is hit by Sam Bennett and loses puck.
10:18 of 2nd period - Snap shot by Sebastian Aho.
10:18 of 2nd period - Stopped by Cam Talbot with a rebound.
10:42 of 2nd period - Jeff Petry is hit by Kyle Okposo and loses puck.
11:01 of 2nd period - Nic Dowd is hit by Brady Tkachuk and loses puck.
12:04 of 2nd period - Off-side.
12:05 of 2nd period - Nicolas Roy wins face-off versus Logan Couture in neutral zone.
12:10 of 2nd period - Snap shot by Nicolas Roy.
12:10 of 2nd period - Shot Blocked by Logan Couture.
12:18 of 2nd period - Wrist shot by Nicolas Roy.
12:18 of 2nd period - Shot Misses the Net.
12:20 of 2nd period - Snap shot by Mario Ferraro.
12:20 of 2nd period - Deflect By Nicolas Roy.
12:20 of 2nd period - Shot Blocked by Timo Meier.
12:20 of 2nd period - Puck is out of play.
12:21 of 2nd period - J.T. Miller wins face-off versus Sam Bennett in Calgary Flames zone.
12:21 of 2nd period - J.T. Miller is hit by Brandon Saad.
12:27 of 2nd period - Brady Tkachuk is hit by J.T. Miller and loses puck.
12:52 of 2nd period - Zach Hyman is hit by Troy Terry.
12:56 of 2nd period - Scott Laughton is hit by Joel Eriksson Ek and loses puck.
13:13 of 2nd period - Slapshot by Kyle Okposo.
13:13 of 2nd period - Stopped by Ilya Sorokin without a rebound.
13:14 of 2nd period - Nicolas Roy wins face-off versus Timo Meier in Calgary Flames zone.
14:09 of 2nd period - Snap shot by Troy Terry.
14:09 of 2nd period - Stopped by Ilya Sorokin with a rebound.
14:25 of 2nd period - Slapshot by Aaron Ekblad.
14:25 of 2nd period - Stopped by Ilya Sorokin with a rebound.
14:33 of 2nd period - Wrist shot by Jacob Peterson.
14:33 of 2nd period - Shot Hit the Post.
14:42 of 2nd period - Off-side.
14:43 of 2nd period - Nicolas Roy wins face-off versus Logan Couture in neutral zone.
14:46 of 2nd period - Logan Couture is hit by Nicolas Roy and loses puck.
15:32 of 2nd period - Snap shot by Dougie Hamilton.
15:32 of 2nd period - Stopped by Ilya Sorokin without a rebound.
15:33 of 2nd period - Sebastian Aho wins face-off versus Scott Laughton in Calgary Flames zone.
16:04 of 2nd period - Snap shot by Trevor Zegras.
16:04 of 2nd period - Shot Blocked by Sebastian Aho.
16:30 of 2nd period - Mario Ferraro is hit by Zach Hyman and loses puck.
17:21 of 2nd period - Snap shot by Sebastian Aho.
17:21 of 2nd period - Deflect By Zach Hyman.
17:21 of 2nd period - Shot Misses the Net.
17:21 of 2nd period - Puck is out of play.
17:22 of 2nd period - J.T. Miller wins face-off versus Sam Bennett in Toronto Maple Leafs zone.
17:37 of 2nd period - Snap shot by Brady Tkachuk.
17:37 of 2nd period - Stopped by Ilya Sorokin without a rebound.
17:38 of 2nd period - Logan Couture wins face-off versus Sam Bennett in Calgary Flames zone.
17:38 of 2nd period - Logan Couture is hit by Sam Bennett.
17:52 of 2nd period - Wrist shot by Timo Meier.
17:52 of 2nd period - Stopped by Cam Talbot without a rebound.
17:53 of 2nd period - J.T. Miller wins face-off versus Nicolas Roy in Toronto Maple Leafs zone.
18:02 of 2nd period - Slapshot by Nicolas Roy.
18:02 of 2nd period - Stopped by Ilya Sorokin with a rebound.
18:53 of 2nd period - Wrist shot by Logan Couture.
18:53 of 2nd period - Shot Misses the Net.
19:10 of 2nd period - Minor Penalty to Michael Anderson for Slashing.
19:11 of 2nd period - Sam Bennett wins face-off versus Nic Dowd in Calgary Flames zone.
19:17 of 2nd period - Wrist shot by Troy Terry.
19:17 of 2nd period - Shot Misses the Net.
19:19 of 2nd period - Slapshot by Dougie Hamilton.
19:19 of 2nd period - Shot Blocked by Kris Letang.
19:21 of 2nd period - Wrist shot by Sam Bennett.
19:21 of 2nd period - Stopped by Ilya Sorokin without a rebound.
19:22 of 2nd period - Sam Bennett wins face-off versus Nic Dowd in Calgary Flames zone.
Goals for this period are 0 for Toronto Maple Leafs vs 1 for Calgary Flames.
Shots for this period are 8 for Toronto Maple Leafs vs 9 for Calgary Flames.
3rd period
0:01 of 3rd period - Troy Terry wins face-off versus Nic Dowd in neutral zone.
0:14 of 3rd period - Slapshot by Sam Bennett.
0:14 of 3rd period - Shot Blocked by Ryan McDonagh.
1:10 of 3rd period - Penalty to Michael Anderson is over, Michael Anderson is back on ice.
1:46 of 3rd period - Timo Meier is hit by Luke Schenn and loses puck.
1:53 of 3rd period - Slapshot by Aaron Ekblad.
1:53 of 3rd period - Deflect By Logan Couture.
1:53 of 3rd period - Stopped by Ilya Sorokin with a rebound.
1:55 of 3rd period - Wrist shot by Nino Niederreiter.
1:55 of 3rd period - Shot Blocked by Jeff Petry.
3:57 of 3rd period - Snap shot by Matthew Tkachuk.
3:57 of 3rd period - Stopped by Cam Talbot without a rebound.
3:58 of 3rd period - Sam Bennett wins face-off versus Nic Dowd in Toronto Maple Leafs zone.
4:22 of 3rd period - Snap shot by Brandon Saad.
4:22 of 3rd period - Shot Misses the Net.
4:24 of 3rd period - Wrist shot by Sam Bennett.
4:24 of 3rd period - Stopped by Ilya Sorokin without a rebound.
4:25 of 3rd period - Scott Laughton wins face-off versus Sebastian Aho in Calgary Flames zone.
4:32 of 3rd period - Snap shot by Trevor Zegras.
4:32 of 3rd period - Shot Misses the Net.
4:43 of 3rd period - Slapshot by Jeff Petry.
4:43 of 3rd period - Stopped by Cam Talbot with a rebound.
4:45 of 3rd period - Snap shot by Sebastian Aho.
4:45 of 3rd period - Stopped by Cam Talbot with a rebound.
4:47 of 3rd period - Slapshot by Sebastian Aho.
4:47 of 3rd period - Stopped by Cam Talbot with a rebound.
4:49 of 3rd period - Wrist shot by Zach Hyman.
4:49 of 3rd period - Stopped by Cam Talbot with a rebound.
5:05 of 3rd period - Wrist shot by Sebastian Aho.
5:05 of 3rd period - Deflect By Joel Eriksson Ek.
5:05 of 3rd period - Shot Blocked by Aaron Ekblad.
5:05 of 3rd period - Puck is out of play.
5:06 of 3rd period - Logan Couture wins face-off versus Sam Bennett in Toronto Maple Leafs zone.
5:11 of 3rd period - Snap shot by Timo Meier.
5:11 of 3rd period - Stopped by Cam Talbot without a rebound.
5:12 of 3rd period - Logan Couture wins face-off versus Sam Bennett in Toronto Maple Leafs zone.
5:33 of 3rd period - Minor Penalty to Timo Meier for Holding.
5:34 of 3rd period - Sam Bennett wins face-off versus Joel Eriksson Ek in Calgary Flames zone.
6:26 of 3rd period - Snap shot by Troy Terry.
6:26 of 3rd period - Shot Blocked by Drew Doughty.
7:09 of 3rd period - Joel Eriksson Ek is hit by Brandon Saad and loses puck.
7:33 of 3rd period - Penalty to Timo Meier is over, Timo Meier is back on ice.
7:46 of 3rd period - Backhand shot by J.T. Miller.
7:46 of 3rd period - Stopped by Cam Talbot without a rebound.
7:47 of 3rd period - Nicolas Roy wins face-off versus J.T. Miller in Toronto Maple Leafs zone.
8:12 of 3rd period - Michael Anderson is hit by Nick Bjugstad and loses puck.
8:37 of 3rd period - Slapshot by Joel Eriksson Ek.
8:37 of 3rd period - Shot Blocked by Ryan Pulock.
8:39 of 3rd period - Wrist shot by Michael Anderson.
8:39 of 3rd period - Stopped by Cam Talbot with a rebound.
8:59 of 3rd period - Wrist shot by Mathieu Joseph.
8:59 of 3rd period - Stopped by Cam Talbot without a rebound.
9:00 of 3rd period - J.T. Miller wins face-off versus Brady Tkachuk in Toronto Maple Leafs zone.
9:25 of 3rd period - Troy Terry is hit by Rafael Harvey-Pinard and loses puck.
9:54 of 3rd period - Wrist shot by Sebastian Aho.
9:54 of 3rd period - Shot Misses the Net.
10:05 of 3rd period - Minor Penalty to Ryan McDonagh for High sticking.
10:06 of 3rd period - Joel Eriksson Ek wins face-off versus Sam Bennett in Calgary Flames zone.
10:21 of 3rd period - Slapshot by Sam Bennett.
10:21 of 3rd period - Goal by Sam Bennett - Toronto Maple Leafs : 3 - Calgary Flames : 2.
10:22 of 3rd period - Sam Bennett wins face-off versus Logan Couture in neutral zone.
10:44 of 3rd period - Minor Penalty to Brandon Saad for Holding.
10:45 of 3rd period - Nick Bjugstad wins face-off versus Sebastian Aho in Toronto Maple Leafs zone.
11:12 of 3rd period - Nick Bjugstad is hit by Valeri Nichushkin and loses puck.
12:44 of 3rd period - Penalty to Brandon Saad is over, Brandon Saad is back on ice.
12:51 of 3rd period - Mario Ferraro is hit by Michael Anderson and loses puck.
13:03 of 3rd period - Double Minor Penalty to Nic Dowd for Roughing.
13:04 of 3rd period - Sebastian Aho wins face-off versus Troy Terry in Calgary Flames zone.
13:10 of 3rd period - Icing by Aaron Ekblad.
13:11 of 3rd period - Sam Bennett wins face-off versus Joel Eriksson Ek in Toronto Maple Leafs zone.
14:08 of 3rd period - Wrist shot by Brady Tkachuk.
14:08 of 3rd period - Shot Blocked by Jeff Petry.
14:10 of 3rd period - Slapshot by Dougie Hamilton.
14:10 of 3rd period - Stopped by Ilya Sorokin without a rebound.
14:11 of 3rd period - Scott Laughton wins face-off versus Sebastian Aho in Calgary Flames zone.
14:34 of 3rd period - Scott Laughton is hit by Rafael Harvey-Pinard.
14:54 of 3rd period - Brandon Saad is hit by Mathieu Joseph.
16:23 of 3rd period - Slapshot by Aaron Ekblad.
16:23 of 3rd period - Stopped by Ilya Sorokin without a rebound.
16:24 of 3rd period - Sam Bennett wins face-off versus J.T. Miller in Calgary Flames zone.
17:03 of 3rd period - Penalty to Nic Dowd is over, Nic Dowd is back on ice.
17:18 of 3rd period - Snap shot by Nino Niederreiter.
17:18 of 3rd period - Stopped by Ilya Sorokin without a rebound.
17:19 of 3rd period - Nicolas Roy wins face-off versus Logan Couture in Calgary Flames zone.
17:30 of 3rd period - Luke Schenn is hit by Rafael Harvey-Pinard.
17:52 of 3rd period - Snap shot by Sam Bennett.
17:52 of 3rd period - Stopped by Ilya Sorokin with a rebound.
18:32 of 3rd period - Slapshot by Aaron Ekblad.
18:32 of 3rd period - Shot Blocked by Valeri Nichushkin.
18:34 of 3rd period - Backhand shot by Nicolas Roy.
18:34 of 3rd period - Shot Blocked by Kris Letang.
18:36 of 3rd period - Slapshot by Cody Ceci.
18:36 of 3rd period - Deflect By Valeri Nichushkin.
18:36 of 3rd period - Stopped by Ilya Sorokin with a rebound.
18:49 of 3rd period - Icing by Valeri Nichushkin.
18:50 of 3rd period - J.T. Miller wins face-off versus Nick Bjugstad in Calgary Flames zone.
18:57 of 3rd period - Calgary Flames, Ilya Sorokin is pulled from the net.
19:57 of 3rd period - Wrist shot by Scott Laughton.
19:57 of 3rd period - Shot Blocked by Kris Letang.
19:59 of 3rd period - Wrist shot by Scott Laughton.
19:59 of 3rd period - Goal by Scott Laughton - Toronto Maple Leafs : 4 - Calgary Flames : 2.
19:59 of 3rd period - Ilya Sorokin from Calgary Flames was sent back in the game.
Goals for this period are 2 for Toronto Maple Leafs vs 0 for Calgary Flames.
Shots for this period are 9 for Toronto Maple Leafs vs 9 for Calgary Flames.
Back to the Top